Devils vs Blackhawks
(R1)
Created - 27 février 2017 at 19:13
Goals
|
Devils |
2 |
2 |
1 |
5 |
Blackhawks |
1 |
1 |
2 |
4 |
|
Shots
|
Devils |
12 |
13 |
12 |
37 |
Blackhawks |
12 |
7 |
9 |
28 |
|
1st period
1. Blackhawks , Peter Regin 12 (Tomas Fleischmann, Patrick Kaleta) at 11:18
2. Devils , Rene Bourque 7 (Mike Komisarek) at 15:32
3. Devils , Ilya Kovalchuk 34 (Vladimir Tarasenko, Matt Duchene) at 17:05
Penalties :
Ian White (Chi) for Hooking (Minor) at 1:58, Adam Pardy (NJD) for Delaying the game (Minor) at 11:39, Ryan Hollweg (Chi) for Hooking (Minor) at 17:58
2nd period
4. Devils , Tyler Arnason 1 (Alexandre Burrows, Brad Richardson) at 2:44
5. Blackhawks , Peter Regin 13 (Tomas Fleischmann, Joni Pitkanen) at 11:32
6. Devils , Vincent Lecavalier 13 (Ted Purcell) at 15:43 (PP)
Penalties :
Denis Grebeshkov (Chi) for High sticking (Minor) at 4:32, Jonathan Toews (Chi) for Slashing (Minor) at 15:35, Adam Pardy (NJD) for Roughing (Minor) at 16:35, Dave Tanabe (Chi) for Interference (Minor) at 18:50
3rd period
7. Devils , Karl Alzner 6 (Vincent Lecavalier) at 0:04 (PP)
8. Blackhawks , Kurt Sauer 1 (Antoine Roussel, Derick Brassard) at 13:06
9. Blackhawks , Patrick Kaleta 11 (Peter Regin, Tomas Fleischmann) at 14:21
Penalties :
Rene Bourque (NJD) for Roughing (Minor) at 2:12, Oleg Saprykin (Chi) for Holding (Minor) at 5:28, Antoine Roussel (Chi) for Tripping (Minor) at 19:40
Goalie Stats
James Reimer (NJD), 24 saves from 28 shots - (0,857), W, 15-10-3, 60:00 minutes
Jimmy Howard (Chi), 32 saves from 37 shots - (0,865), L, 26-13-3, 59:22 minutes
Players Stats for Devils
Player Name G A P +/- PIM S H SB GA TA FO MP PP MP PK MP
------------------------------------------------------------------------------------
Adam Pardy 0 0 0 1 4 2 0 1 0 1 0/0 16:29 3:49 0:48
Alexandre Burrows 0 1 1 -1 0 1 1 1 2 1 0/0 12:16 0:00 1:14
Brad Richardson 0 1 1 -1 0 1 1 0 0 0 0/1 11:46 0:02 0:00
Brent Seabrook 0 0 0 -1 0 2 2 0 2 1 0/0 29:27 5:48 3:16
Chris Mcallister 0 0 0 1 0 2 0 0 0 0 0/1 10:05 0:00 3:10
Chris Phillips 0 0 0 -1 0 1 1 0 0 0 0/0 21:01 3:49 0:00
Ilya Kovalchuk 1 0 1 -1 0 4 3 0 2 0 0/0 22:06 4:07 1:33
Jay McKee 0 0 0 1 0 3 0 0 0 0 0/0 12:42 0:00 3:02
Karl Alzner 1 0 1 -1 0 3 1 2 0 0 0/0 22:41 5:48 1:53
Matt Duchene 0 1 1 -1 0 2 0 0 0 0 13/26 21:09 4:07 1:14
Mike Komisarek 0 1 1 -1 0 0 1 1 1 1 0/0 17:43 0:00 2:55
Rene Bourque 1 0 1 1 2 7 0 0 0 1 1/1 22:31 5:28 0:00
Steve Ott 0 0 0 1 0 0 0 0 0 0 7/11 7:23 0:02 1:33
Steve Quailer 0 0 0 0 0 0 0 0 0 0 0/0 0:00 0:00 0:00
Ted Purcell 0 1 1 0 0 1 1 1 0 0 0/0 16:35 5:30 0:00
Tyler Arnason 1 0 1 -1 0 2 2 0 1 0 5/7 10:40 0:00 0:00
Vincent Lecavalier 1 1 2 0 0 5 4 0 2 0 14/19 19:46 5:28 3:10
Vladimir Tarasenko 0 1 1 -1 0 1 2 1 0 0 1/3 19:40 4:07 0:00
Players Stats for Blackhawks
Player Name G A P +/- PIM S H SB GA TA FO MP PP MP PK MP
------------------------------------------------------------------------------------
Antoine Roussel 0 1 1 1 2 2 3 1 0 0 1/2 21:36 3:20 2:15
Brendan Bell 0 0 0 -2 0 0 0 2 0 1 0/0 14:49 0:00 3:33
Carson Mcmillan 0 0 0 -1 0 1 0 1 0 0 0/0 6:31 0:00 0:00
Dave Tanabe 0 0 0 -2 2 0 0 0 0 2 0/0 13:56 2:38 0:50
Denis Grebeshkov 0 0 0 2 2 0 1 0 0 0 0/0 18:53 2:38 2:43
Derick Brassard 0 1 1 1 0 6 1 1 0 0 15/28 19:17 3:20 0:00
Ian White 0 0 0 1 2 1 1 0 0 0 0/0 24:02 3:19 0:00
Jason Pominville 0 0 0 1 0 3 2 0 0 1 1/1 18:21 3:20 0:00
Jonathan Toews 0 0 0 -2 2 1 2 0 0 1 4/11 17:48 2:37 3:03
Joni Pitkanen 0 1 1 1 0 2 4 1 2 0 0/0 29:11 3:19 6:04
Kurt Sauer 1 0 1 2 0 1 0 2 0 0 0/0 19:15 0:00 6:04
Kyle Brodziak 0 0 0 -1 0 0 1 0 1 1 2/8 6:47 0:00 0:16
Oleg Saprykin 0 0 0 -1 2 3 1 0 0 1 0/1 11:13 0:00 4:43
Patrick Kaleta 1 1 2 3 0 2 0 0 0 1 0/0 11:18 0:00 1:29
Patrick Kane 0 0 0 -2 0 2 0 1 2 0 0/0 15:37 2:37 0:00
Peter Regin 2 1 3 3 0 3 1 4 0 0 5/16 15:17 0:00 5:34
Ryan Hollweg 0 0 0 -2 2 0 1 0 0 1 0/1 15:55 2:37 1:07
Tomas Fleischmann 0 3 3 3 0 1 2 1 0 1 0/1 10:30 0:00 0:47
3 Stars
1 - Peter Regin (Chi)
2 - Tomas Fleischmann (Chi)
3 - Patrick Kaleta (Chi)
Power Play
Devils - 2 on 7 Attempt(s) - 28,57%
Blackhawks - 0 on 3 Attempt(s) - 0,00%
Penalty Kill
Devils - 3 on 3 Attempt(s) - 100,00%
- Score 0 goal in Penalty Kill
Blackhawks - 5 on 7 Attempt(s) - 71,43%
- Score 0 goal in Penalty Kill
Team Stat
Devils - Hits : 19 - Faceoff Wins : 41 - Blocked Shots : 7 - Penalty Minutes : 6
Blackhawks - Hits : 20 - Faceoff Wins : 28 - Blocked Shots : 14 - Penalty Minutes : 14
Official
Referees : Rehman Kyle and Marouelli Dan
Linesman : Darren Gibbs and Steve Miller
Game Notes
No Game Note
Finance
Level 1 -- Attendance: 4239 (70,65%) -- Ticket Income 394 227 $
Level 2 -- Attendance: 3363 (67,26%) -- Ticket Income 195 054 $
Level 3 -- Attendance: 1349 (67,45%) -- Ticket Income 49 913 $
Level 4 -- Attendance: 2864 (71,60%) -- Ticket Income 74 464 $
Luxury Box -- Attendance: 688 (68,80%) -- Ticket Income 119 024 $
Game was played at the Rexall Place.
Total Attendance: 12503 (69,46%)
Total Ticket Income: 832 682 $
Other Income: 124 902 $
Total Income: 957 584 $
Devils
5 vs 5 Forward
Center Left Wing Right Wing Time % Phy DF OF
1 Matt Duchene Ilya Kovalchuk Vladimir Tarasenko 40 0 2 3
2 Vincent Lecavalier Ted Purcell Rene Bourque 30 0 2 3
3 Steve Ott Chris Mcallister Rene Bourque 20 0 2 3
4 Tyler Arnason Alexandre Burrows Brad Richardson 10 0 2 3
5 vs 5 Defense
Defense Defense Time % Phy DF OF
1 Brent Seabrook Chris Phillips 40 1 2 2
2 Mike Komisarek Karl Alzner 30 1 2 2
3 Jay McKee Adam Pardy 20 1 2 2
4 Brent Seabrook Adam Pardy 10 1 2 2
PowerPlay Forward
Center Left Wing Right Wing Time % Phy DF OF
1 Vincent Lecavalier Ted Purcell Rene Bourque 60 0 1 4
2 Matt Duchene Ilya Kovalchuk Vladimir Tarasenko 40 0 1 4
PowerPlay Defense
Defense Defense Time % Phy DF OF
1 Brent Seabrook Karl Alzner 60 1 2 2
2 Chris Phillips Adam Pardy 40 1 2 2
Penalty Kill 4 Players Forward
Center Wing Time % Phy DF OF
1 Vincent Lecavalier Chris Mcallister 60 1 2 2
2 Steve Ott Ilya Kovalchuk 40 1 2 2
Penalty Kill 4 Players Defense
Defense Defense Time % Phy DF OF
1 Brent Seabrook Mike Komisarek 60 1 2 2
2 Adam Pardy Jay McKee 40 1 2 2
Penalty Kill - 3 Players Forward
Forward Time % Phy DF OF
1 Ted Purcell 60 1 2 2
2 Vincent Lecavalier 40 1 2 2
Penalty Kill - 3 Players Defense
Defense Defense Time % Phy DF OF
1 Adam Pardy Jay McKee 60 1 2 2
2 Mike Komisarek Brent Seabrook 40 1 2 2
4 vs 4 Forward
Center Wing Time % Phy DF OF
1 Vincent Lecavalier Ted Purcell 60 1 2 2
2 Matt Duchene Ilya Kovalchuk 40 1 2 2
4 vs 4 Defense
Defense Defense Time % Phy DF OF
1 Karl Alzner Brent Seabrook 60 1 2 2
2 Mike Komisarek Jay McKee 40 1 2 2
Last Minutes Offensive
Center Left Wing Right Wing Defense Defense
Matt Duchene Ilya Kovalchuk Vladimir Tarasenko Brent Seabrook Chris Phillips
Last Minutes Defensive
Center Left Wing Right Wing Defense Defense
Vincent Lecavalier Ilya Kovalchuk Brad Richardson Mike Komisarek Brent Seabrook
Goaltenders
Starting : James Reimer
Backup : Cam Ward
Extra Forwards
Normal : Vladimir Tarasenko, Chris Mcallister, Vincent Lecavalier - PP : Matt Duchene, Steve Ott - PK : Vincent Lecavalier
Extra Defensemen
Normal : Brent Seabrook, Karl Alzner, Adam Pardy - PP : Chris Phillips - PK : Karl Alzner, Brent Seabrook
Penalty Shots
Ilya Kovalchuk, Ted Purcell, Vincent Lecavalier, Vladimir Tarasenko, Rene Bourque
Blackhawks
5 vs 5 Forward
Center Left Wing Right Wing Time % Phy DF OF
1 Derick Brassard Antoine Roussel Jason Pominville 40 1 2 2
2 Jonathan Toews Ryan Hollweg Patrick Kane 30 1 2 2
3 Peter Regin Tomas Fleischmann Patrick Kaleta 20 1 2 2
4 Kyle Brodziak Oleg Saprykin Carson Mcmillan 10 1 2 2
5 vs 5 Defense
Defense Defense Time % Phy DF OF
1 Ian White Joni Pitkanen 40 1 2 2
2 Kurt Sauer Denis Grebeshkov 30 1 2 2
3 Dave Tanabe Brendan Bell 20 1 2 2
4 Ian White Joni Pitkanen 10 1 2 2
PowerPlay Forward
Center Left Wing Right Wing Time % Phy DF OF
1 Derick Brassard Antoine Roussel Jason Pominville 60 1 2 2
2 Jonathan Toews Ryan Hollweg Patrick Kane 40 1 2 2
PowerPlay Defense
Defense Defense Time % Phy DF OF
1 Ian White Joni Pitkanen 60 1 2 2
2 Dave Tanabe Denis Grebeshkov 40 1 2 2
Penalty Kill 4 Players Forward
Center Wing Time % Phy DF OF
1 Peter Regin Oleg Saprykin 60 1 2 2
2 Jonathan Toews Antoine Roussel 40 1 2 2
Penalty Kill 4 Players Defense
Defense Defense Time % Phy DF OF
1 Kurt Sauer Joni Pitkanen 60 1 2 2
2 Brendan Bell Denis Grebeshkov 40 1 2 2
Penalty Kill - 3 Players Forward
Forward Time % Phy DF OF
1 Peter Regin 60 1 2 2
2 Jonathan Toews 40 1 2 2
Penalty Kill - 3 Players Defense
Defense Defense Time % Phy DF OF
1 Kurt Sauer Joni Pitkanen 60 1 2 2
2 Brendan Bell Denis Grebeshkov 40 1 2 2
4 vs 4 Forward
Center Wing Time % Phy DF OF
1 Derick Brassard Antoine Roussel 60 1 2 2
2 Jonathan Toews Patrick Kane 40 1 2 2
4 vs 4 Defense
Defense Defense Time % Phy DF OF
1 Ian White Joni Pitkanen 60 1 2 2
2 Kurt Sauer Denis Grebeshkov 40 1 2 2
Last Minutes Offensive
Center Left Wing Right Wing Defense Defense
Derick Brassard Antoine Roussel Patrick Kane Ian White Joni Pitkanen
Last Minutes Defensive
Center Left Wing Right Wing Defense Defense
Jonathan Toews Antoine Roussel Patrick Kane Ian White Joni Pitkanen
Goaltenders
Starting : Jimmy Howard
Backup : Al Montoya
Extra Forwards
Normal : Tomas Fleischmann, Peter Regin, Patrick Kaleta - PP : Tomas Fleischmann, Peter Regin - PK : Patrick Kaleta
Extra Defensemen
Normal : Joni Pitkanen, Denis Grebeshkov, Kurt Sauer - PP : Joni Pitkanen - PK : Denis Grebeshkov, Kurt Sauer
Penalty Shots
Patrick Kane, Derick Brassard, Jonathan Toews, Jason Pominville, Antoine Roussel
% Time on Ice - Devils
Lines # - Real PCT - Wanted PCT - Time Play
Normal Forward
1 - 36% - 40% - 15:49
2 - 26% - 30% - 11:18
3 - 13% - 20% - 5:46
4 - 24% - 10% - 10:40
Normal Defense
1 - 42% - 40% - 18:24
2 - 32% - 30% - 13:45
3 - 22% - 20% - 9:39
4 - 4% - 10% - 1:45
PP Forward
1 - 57% - 60% - 5:30
2 - 43% - 40% - 4:07
PP Defense
1 - 60% - 60% - 5:48
2 - 40% - 40% - 3:49
PK Forward
1 - 74% - 60% - 4:24
2 - 26% - 40% - 1:33
PK Defense
1 - 49% - 60% - 2:55
2 - 51% - 40% - 3:02
PK3 Forward
1 - 0% - 60%
2 - 0% - 40%
PK3 Defense
1 - 0% - 60%
2 - 0% - 40%
44 Forward
1 - 0% - 60%
2 - 0% - 40%
44 Defense
1 - 0% - 60%
2 - 0% - 40%
Last Minute Offensive - 0:00
Last Minute Defensive - 0:53
Total
Forward - 60:00
Defense - 60:00
|
% Time on Ice - Blackhawks
Lines # - Real PCT - Wanted PCT - Time Play
Normal Forward
1 - 35% - 40% - 15:07
2 - 28% - 30% - 12:09
3 - 22% - 20% - 9:43
4 - 15% - 10% - 6:31
Normal Defense
1 - 42% - 40% - 18:22
2 - 31% - 30% - 13:33
3 - 23% - 20% - 10:06
4 - 3% - 10% - 1:29
PP Forward
1 - 56% - 60% - 3:20
2 - 44% - 40% - 2:37
PP Defense
1 - 56% - 60% - 3:19
2 - 44% - 40% - 2:38
PK Forward
1 - 77% - 60% - 7:22
2 - 23% - 40% - 2:15
PK Defense
1 - 63% - 60% - 6:04
2 - 37% - 40% - 3:33
PK3 Forward
1 - 0% - 60%
2 - 0% - 40%
PK3 Defense
1 - 0% - 60%
2 - 0% - 40%
44 Forward
1 - 0% - 60%
2 - 0% - 40%
44 Defense
1 - 0% - 60%
2 - 0% - 40%
Last Minute Offensive - 0:56
Last Minute Defensive - 0:00
Total
Forward - 60:00
Defense - 60:00
|
Play by Play
1st period
0:01 of 1st period - Derick Brassard wins face-off versus Matt Duchene in neutral zone.
0:04 of 1st period - Vladimir Tarasenko is hit by Joni Pitkanen and loses puck.
0:13 of 1st period - Snap shot by Jason Pominville.
0:13 of 1st period - Deflect By Antoine Roussel.
0:13 of 1st period - Stopped by James Reimer with a rebound.
0:27 of 1st period - Patrick Kane is hit by Vincent Lecavalier and loses puck.
0:32 of 1st period - Snap shot by Vincent Lecavalier.
0:32 of 1st period - Stopped by Jimmy Howard without a rebound.
0:33 of 1st period - Peter Regin wins face-off versus Vincent Lecavalier in Blackhawks zone.
0:56 of 1st period - Wrist shot by Ted Purcell.
0:56 of 1st period - Stopped by Jimmy Howard without a rebound.
0:57 of 1st period - Tyler Arnason wins face-off versus Kyle Brodziak in Blackhawks zone.
1:04 of 1st period - Dave Tanabe is hit by Tyler Arnason and loses puck.
1:23 of 1st period - Jay McKee is hit by Jonathan Toews and loses puck.
1:58 of 1st period - Minor Penalty to Ian White for Hooking.
1:59 of 1st period - Vincent Lecavalier wins face-off versus Peter Regin in Blackhawks zone.
2:12 of 1st period - Slapshot by Vincent Lecavalier.
2:12 of 1st period - Shot Misses the Net.
2:14 of 1st period - Slapshot by Rene Bourque.
2:14 of 1st period - Shot Misses the Net.
2:30 of 1st period - Joni Pitkanen is hit by Karl Alzner and loses puck.
3:58 of 1st period - Penalty to Ian White is over, Ian White is back on ice.
4:06 of 1st period - Wrist shot by Antoine Roussel.
4:06 of 1st period - Stopped by James Reimer without a rebound.
4:07 of 1st period - Derick Brassard wins face-off versus Tyler Arnason in Devils zone.
4:10 of 1st period - Snap shot by Jason Pominville.
4:10 of 1st period - Stopped by James Reimer without a rebound.
4:11 of 1st period - Jason Pominville wins face-off versus Steve Ott in Devils zone.
4:20 of 1st period - Slapshot by Derick Brassard.
4:20 of 1st period - Shot Misses the Net.
5:02 of 1st period - Snap shot by Oleg Saprykin.
5:02 of 1st period - Stopped by James Reimer with a rebound.
5:04 of 1st period - Snap shot by Carson Mcmillan.
5:04 of 1st period - Stopped by James Reimer without a rebound.
5:05 of 1st period - Rene Bourque wins face-off versus Derick Brassard in Devils zone.
6:24 of 1st period - Brent Seabrook is hit by Jason Pominville and loses puck.
6:47 of 1st period - Ian White is hit by Mike Komisarek.
7:01 of 1st period - Snap shot by Vladimir Tarasenko.
7:01 of 1st period - Shot Blocked by Joni Pitkanen.
7:03 of 1st period - Wrist shot by Vincent Lecavalier.
7:03 of 1st period - Shot Misses the Net.
7:43 of 1st period - Patrick Kaleta is hit by Vladimir Tarasenko and loses puck.
8:00 of 1st period - Wrist shot by Jonathan Toews.
8:00 of 1st period - Stopped by James Reimer with a rebound.
8:34 of 1st period - Mike Komisarek is hit by Denis Grebeshkov and loses puck.
8:43 of 1st period - Snap shot by Alexandre Burrows.
8:43 of 1st period - Shot Blocked by Kurt Sauer.
8:45 of 1st period - Wrist shot by Brad Richardson.
8:45 of 1st period - Deflect By Alexandre Burrows.
8:45 of 1st period - Shot Blocked by Kurt Sauer.
8:45 of 1st period - Puck is out of play.
8:46 of 1st period - Matt Duchene wins face-off versus Jonathan Toews in Blackhawks zone.
9:18 of 1st period - Slapshot by Patrick Kaleta.
9:18 of 1st period - Stopped by James Reimer without a rebound.
9:19 of 1st period - Peter Regin wins face-off versus Vincent Lecavalier in Devils zone.
9:42 of 1st period - Derick Brassard is hit by Vincent Lecavalier and loses puck.
9:59 of 1st period - Snap shot by Vincent Lecavalier.
9:59 of 1st period - Stopped by Jimmy Howard with a rebound.
10:22 of 1st period - Slapshot by Vincent Lecavalier.
10:22 of 1st period - Shot Misses the Net.
10:24 of 1st period - Slapshot by Jay McKee.
10:24 of 1st period - Stopped by Jimmy Howard with a rebound.
10:36 of 1st period - Snap shot by Vincent Lecavalier.
10:36 of 1st period - Deflect By Rene Bourque.
10:36 of 1st period - Shot Blocked by Antoine Roussel.
10:36 of 1st period - Puck is out of play.
10:37 of 1st period - Jonathan Toews wins face-off versus Matt Duchene in Blackhawks zone.
10:48 of 1st period - Snap shot by Jonathan Toews.
10:48 of 1st period - Shot Misses the Net.
11:04 of 1st period - Alexandre Burrows is hit by Tomas Fleischmann and loses puck.
11:12 of 1st period - Snap shot by Peter Regin.
11:12 of 1st period - Stopped by James Reimer without a rebound.
11:13 of 1st period - Peter Regin wins face-off versus Matt Duchene in Devils zone.
11:18 of 1st period - Wrist shot by Peter Regin.
11:18 of 1st period - Goal by Peter Regin - Devils : 0 - Blackhawks : 1.
11:19 of 1st period - Matt Duchene wins face-off versus Derick Brassard in neutral zone.
11:30 of 1st period - Snap shot by Ilya Kovalchuk.
11:30 of 1st period - Deflect By Vladimir Tarasenko.
11:30 of 1st period - Shot Hit the Post.
11:30 of 1st period - Puck is out of play.
11:31 of 1st period - Derick Brassard wins face-off versus Matt Duchene in Blackhawks zone.
11:35 of 1st period - Icing by Joni Pitkanen.
11:36 of 1st period - Derick Brassard wins face-off versus Matt Duchene in Blackhawks zone.
11:36 of 1st period - Derick Brassard is hit by Ilya Kovalchuk.
11:39 of 1st period - Minor Penalty to Adam Pardy for Delaying the game.
11:40 of 1st period - Vincent Lecavalier wins face-off versus Derick Brassard in Devils zone.
12:07 of 1st period - Mike Komisarek is hit by Ian White and loses puck.
12:30 of 1st period - Alexandre Burrows is hit by Jonathan Toews and loses puck.
12:35 of 1st period - Wrist shot by Patrick Kane.
12:35 of 1st period - Shot Blocked by Karl Alzner.
12:37 of 1st period - Slapshot by Ian White.
12:37 of 1st period - Stopped by James Reimer without a rebound.
12:38 of 1st period - Derick Brassard wins face-off versus Vincent Lecavalier in Devils zone.
12:52 of 1st period - Wrist shot by Derick Brassard.
12:52 of 1st period - Stopped by James Reimer with a rebound.
13:39 of 1st period - Penalty to Adam Pardy is over, Adam Pardy is back on ice.
13:46 of 1st period - Snap shot by Brent Seabrook.
13:46 of 1st period - Shot Blocked by Peter Regin.
15:08 of 1st period - Alexandre Burrows is hit by Antoine Roussel and loses puck.
15:20 of 1st period - Icing by Rene Bourque.
15:21 of 1st period - Jonathan Toews wins face-off versus Steve Ott in Devils zone.
15:26 of 1st period - Slapshot by Jonathan Toews.
15:26 of 1st period - Shot Blocked by Mike Komisarek.
15:32 of 1st period - Backhand shot by Rene Bourque.
15:32 of 1st period - Goal by Rene Bourque - Devils : 1 - Blackhawks : 1.
15:33 of 1st period - Derick Brassard wins face-off versus Matt Duchene in neutral zone.
15:38 of 1st period - Wrist shot by Jason Pominville.
15:38 of 1st period - Shot Misses the Net.
15:40 of 1st period - Snap shot by Antoine Roussel.
15:40 of 1st period - Shot Misses the Net.
15:42 of 1st period - Slapshot by Joni Pitkanen.
15:42 of 1st period - Stopped by James Reimer with a rebound.
16:47 of 1st period - Snap shot by Chris Mcallister.
16:47 of 1st period - Stopped by Jimmy Howard with a rebound.
16:57 of 1st period - Snap shot by Matt Duchene.
16:57 of 1st period - Shot Misses the Net.
17:01 of 1st period - Wrist shot by Ilya Kovalchuk.
17:01 of 1st period - Shot Misses the Net.
17:03 of 1st period - Slapshot by Vladimir Tarasenko.
17:03 of 1st period - Stopped by Jimmy Howard with a rebound.
17:05 of 1st period - Snap shot by Ilya Kovalchuk.
17:05 of 1st period - Goal by Ilya Kovalchuk - Devils : 2 - Blackhawks : 1.
17:06 of 1st period - Matt Duchene wins face-off versus Derick Brassard in neutral zone.
17:35 of 1st period - Slapshot by Rene Bourque.
17:35 of 1st period - Stopped by Jimmy Howard with a rebound.
17:37 of 1st period - Slapshot by Adam Pardy.
17:37 of 1st period - Shot Misses the Net.
17:41 of 1st period - Snap shot by Rene Bourque.
17:41 of 1st period - Stopped by Jimmy Howard without a rebound.
17:42 of 1st period - Matt Duchene wins face-off versus Jonathan Toews in Blackhawks zone.
17:51 of 1st period - Snap shot by Ilya Kovalchuk.
17:51 of 1st period - Stopped by Jimmy Howard with a rebound.
17:53 of 1st period - Wrist shot by Adam Pardy.
17:53 of 1st period - Stopped by Jimmy Howard with a rebound.
17:55 of 1st period - Slapshot by Adam Pardy.
17:55 of 1st period - Deflect By Matt Duchene.
17:55 of 1st period - Shot Misses the Net.
17:55 of 1st period - Puck is out of play.
17:56 of 1st period - Jonathan Toews wins face-off versus Matt Duchene in Blackhawks zone.
17:58 of 1st period - Minor Penalty to Ryan Hollweg for Hooking.
17:59 of 1st period - Vincent Lecavalier wins face-off versus Peter Regin in Blackhawks zone.
18:55 of 1st period - Matt Duchene is hit by Oleg Saprykin and loses puck.
19:58 of 1st period - Penalty to Ryan Hollweg is over, Ryan Hollweg is back on ice.
Goals for this period are 2 for Devils vs 1 for Blackhawks.
Shots for this period are 12 for Devils vs 12 for Blackhawks.
2nd period
0:01 of 2nd period - Derick Brassard wins face-off versus Matt Duchene in neutral zone.
0:16 of 2nd period - Slapshot by Antoine Roussel.
0:16 of 2nd period - Deflect By Derick Brassard.
0:16 of 2nd period - Shot Blocked by Vladimir Tarasenko.
0:16 of 2nd period - Puck is out of play.
0:17 of 2nd period - Vincent Lecavalier wins face-off versus Jonathan Toews in Devils zone.
0:44 of 2nd period - Kurt Sauer is hit by Vladimir Tarasenko and loses puck.
0:49 of 2nd period - Slapshot by Ilya Kovalchuk.
0:49 of 2nd period - Shot Blocked by Derick Brassard.
0:59 of 2nd period - Jason Pominville is hit by Brent Seabrook and loses puck.
1:41 of 2nd period - Snap shot by Patrick Kane.
1:41 of 2nd period - Stopped by James Reimer with a rebound.
1:54 of 2nd period - Icing by Kurt Sauer.
1:55 of 2nd period - Matt Duchene wins face-off versus Kyle Brodziak in Blackhawks zone.
2:09 of 2nd period - Slapshot by Denis Grebeshkov.
2:09 of 2nd period - Shot Blocked by Adam Pardy.
2:44 of 2nd period - Wrist shot by Alexandre Burrows.
2:44 of 2nd period - Deflect By Tyler Arnason.
2:44 of 2nd period - Goal by Tyler Arnason - Devils : 3 - Blackhawks : 1.
2:45 of 2nd period - Derick Brassard wins face-off versus Matt Duchene in neutral zone.
2:48 of 2nd period - Brent Seabrook is hit by Derick Brassard and loses puck.
3:48 of 2nd period - Off-side.
3:49 of 2nd period - Matt Duchene wins face-off versus Tomas Fleischmann in neutral zone.
3:58 of 2nd period - Wrist shot by Matt Duchene.
3:58 of 2nd period - Shot Blocked by Peter Regin.
4:14 of 2nd period - Ryan Hollweg is hit by Ted Purcell and loses puck.
4:21 of 2nd period - Wrist shot by Vincent Lecavalier.
4:21 of 2nd period - Shot Misses the Net.
4:23 of 2nd period - Slapshot by Adam Pardy.
4:23 of 2nd period - Shot Hit the Post.
4:25 of 2nd period - Slapshot by Jay McKee.
4:25 of 2nd period - Stopped by Jimmy Howard without a rebound.
4:26 of 2nd period - Steve Ott wins face-off versus Derick Brassard in Blackhawks zone.
4:32 of 2nd period - Minor Penalty to Denis Grebeshkov for High sticking.
4:33 of 2nd period - Vincent Lecavalier wins face-off versus Peter Regin in Blackhawks zone.
4:42 of 2nd period - Snap shot by Ted Purcell.
4:42 of 2nd period - Deflect By Rene Bourque.
4:42 of 2nd period - Shot Misses the Net.
4:42 of 2nd period - Puck is out of play.
4:43 of 2nd period - Vincent Lecavalier wins face-off versus Peter Regin in Blackhawks zone.
4:58 of 2nd period - Slapshot by Vincent Lecavalier.
4:58 of 2nd period - Stopped by Jimmy Howard with a rebound.
5:43 of 2nd period - Slapshot by Vincent Lecavalier.
5:43 of 2nd period - Deflect By Rene Bourque.
5:43 of 2nd period - Shot Misses the Net.
5:43 of 2nd period - Puck is out of play.
5:44 of 2nd period - Antoine Roussel wins face-off versus Matt Duchene in Blackhawks zone.
6:32 of 2nd period - Penalty to Denis Grebeshkov is over, Denis Grebeshkov is back on ice.
6:43 of 2nd period - Wrist shot by Jason Pominville.
6:43 of 2nd period - Deflect By Brad Richardson.
6:43 of 2nd period - Stopped by James Reimer without a rebound.
6:44 of 2nd period - Tyler Arnason wins face-off versus Derick Brassard in Devils zone.
6:44 of 2nd period - Tyler Arnason is hit by Joni Pitkanen.
7:06 of 2nd period - Ian White is hit by Tyler Arnason and loses puck.
7:15 of 2nd period - Slapshot by Brad Richardson.
7:15 of 2nd period - Deflect By Alexandre Burrows.
7:15 of 2nd period - Stopped by Jimmy Howard with a rebound.
7:40 of 2nd period - Snap shot by Brent Seabrook.
7:40 of 2nd period - Deflect By Denis Grebeshkov.
7:40 of 2nd period - Stopped by Jimmy Howard without a rebound.
7:41 of 2nd period - Matt Duchene wins face-off versus Ryan Hollweg in Blackhawks zone.
8:06 of 2nd period - Brent Seabrook is hit by Peter Regin and loses puck.
8:37 of 2nd period - Snap shot by Oleg Saprykin.
8:37 of 2nd period - Stopped by James Reimer without a rebound.
8:38 of 2nd period - Steve Ott wins face-off versus Kyle Brodziak in Devils zone.
8:52 of 2nd period - Icing by Mike Komisarek.
8:53 of 2nd period - Steve Ott wins face-off versus Derick Brassard in Devils zone.
9:10 of 2nd period - Snap shot by Jason Pominville.
9:10 of 2nd period - Shot Misses the Net.
9:47 of 2nd period - Off-side.
9:48 of 2nd period - Matt Duchene wins face-off versus Derick Brassard in neutral zone.
10:27 of 2nd period - Off-side.
10:28 of 2nd period - Tyler Arnason wins face-off versus Peter Regin in neutral zone.
10:53 of 2nd period - Tomas Fleischmann is hit by Vincent Lecavalier and loses puck.
11:02 of 2nd period - Wrist shot by Vincent Lecavalier.
11:02 of 2nd period - Shot Misses the Net.
11:04 of 2nd period - Snap shot by Ted Purcell.
11:04 of 2nd period - Shot Misses the Net.
11:18 of 2nd period - Ian White is hit by Ilya Kovalchuk.
11:22 of 2nd period - Snap shot by Matt Duchene.
11:22 of 2nd period - Shot Blocked by Tomas Fleischmann.
11:32 of 2nd period - Snap shot by Peter Regin.
11:32 of 2nd period - Goal by Peter Regin - Devils : 3 - Blackhawks : 2.
11:33 of 2nd period - Derick Brassard wins face-off versus Matt Duchene in neutral zone.
12:00 of 2nd period - Dave Tanabe is hit by Chris Phillips and loses puck.
12:50 of 2nd period - Slapshot by Joni Pitkanen.
12:50 of 2nd period - Shot Misses the Net.
12:52 of 2nd period - Wrist shot by Antoine Roussel.
12:52 of 2nd period - Shot Hit the Post.
12:54 of 2nd period - Slapshot by Jason Pominville.
12:54 of 2nd period - Stopped by James Reimer without a rebound.
12:55 of 2nd period - Steve Ott wins face-off versus Jonathan Toews in Devils zone.
13:00 of 2nd period - Slapshot by Patrick Kane.
13:00 of 2nd period - Stopped by James Reimer without a rebound.
13:01 of 2nd period - Steve Ott wins face-off versus Jonathan Toews in Devils zone.
13:10 of 2nd period - Snap shot by Chris Mcallister.
13:10 of 2nd period - Stopped by Jimmy Howard without a rebound.
13:11 of 2nd period - Derick Brassard wins face-off versus Matt Duchene in Blackhawks zone.
13:46 of 2nd period - Wrist shot by Rene Bourque.
13:46 of 2nd period - Stopped by Jimmy Howard with a rebound.
14:17 of 2nd period - Slapshot by Denis Grebeshkov.
14:17 of 2nd period - Shot Hit the Post.
14:19 of 2nd period - Snap shot by Kurt Sauer.
14:19 of 2nd period - Shot Blocked by Alexandre Burrows.
14:21 of 2nd period - Slapshot by Oleg Saprykin.
14:21 of 2nd period - Deflect By Alexandre Burrows.
14:21 of 2nd period - Shot Misses the Net.
14:21 of 2nd period - Puck is out of play.
14:22 of 2nd period - Matt Duchene wins face-off versus Kyle Brodziak in Devils zone.
14:33 of 2nd period - Vladimir Tarasenko is hit by Joni Pitkanen and loses puck.
15:11 of 2nd period - Wrist shot by Tyler Arnason.
15:11 of 2nd period - Shot Misses the Net.
15:13 of 2nd period - Wrist shot by Tyler Arnason.
15:13 of 2nd period - Stopped by Jimmy Howard without a rebound.
15:14 of 2nd period - Vladimir Tarasenko wins face-off versus Jonathan Toews in Blackhawks zone.
15:15 of 2nd period - Wrist shot by Matt Duchene.
15:15 of 2nd period - Deflect By Patrick Kane.
15:15 of 2nd period - Stopped by Jimmy Howard with a rebound.
15:17 of 2nd period - Snap shot by Vladimir Tarasenko.
15:17 of 2nd period - Shot Misses the Net.
15:19 of 2nd period - Snap shot by Ilya Kovalchuk.
15:19 of 2nd period - Shot Misses the Net.
15:21 of 2nd period - Snap shot by Matt Duchene.
15:21 of 2nd period - Stopped by Jimmy Howard with a rebound.
15:23 of 2nd period - Snap shot by Brent Seabrook.
15:23 of 2nd period - Shot Blocked by Patrick Kane.
15:25 of 2nd period - Slapshot by Brent Seabrook.
15:25 of 2nd period - Shot Misses the Net.
15:27 of 2nd period - Slapshot by Chris Phillips.
15:27 of 2nd period - Stopped by Jimmy Howard with a rebound.
15:35 of 2nd period - Minor Penalty to Jonathan Toews for Slashing.
15:36 of 2nd period - Vincent Lecavalier wins face-off versus Peter Regin in Blackhawks zone.
15:43 of 2nd period - Snap shot by Vincent Lecavalier.
15:43 of 2nd period - Goal by Vincent Lecavalier - Devils : 4 - Blackhawks : 2.
15:44 of 2nd period - Derick Brassard wins face-off versus Matt Duchene in neutral zone.
15:49 of 2nd period - Backhand shot by Derick Brassard.
15:49 of 2nd period - Stopped by James Reimer without a rebound.
15:50 of 2nd period - Matt Duchene wins face-off versus Derick Brassard in Devils zone.
15:59 of 2nd period - Slapshot by Brent Seabrook.
15:59 of 2nd period - Shot Misses the Net.
16:35 of 2nd period - Minor Penalty to Adam Pardy for Roughing.
16:36 of 2nd period - Vincent Lecavalier wins face-off versus Derick Brassard in Devils zone.
18:35 of 2nd period - Penalty to Adam Pardy is over, Adam Pardy is back on ice.
18:48 of 2nd period - Slapshot by Karl Alzner.
18:48 of 2nd period - Stopped by Jimmy Howard with a rebound.
18:50 of 2nd period - Minor Penalty to Dave Tanabe for Interference.
18:51 of 2nd period - Vincent Lecavalier wins face-off versus Oleg Saprykin in Blackhawks zone.
Goals for this period are 2 for Devils vs 1 for Blackhawks.
Shots for this period are 13 for Devils vs 7 for Blackhawks.
3rd period
0:01 of 3rd period - Vincent Lecavalier wins face-off versus Peter Regin in neutral zone.
0:04 of 3rd period - Snap shot by Karl Alzner.
0:04 of 3rd period - Goal by Karl Alzner - Devils : 5 - Blackhawks : 2.
0:05 of 3rd period - Matt Duchene wins face-off versus Antoine Roussel in neutral zone.
0:32 of 3rd period - Ryan Hollweg is hit by Brent Seabrook and loses puck.
1:53 of 3rd period - Alexandre Burrows is hit by Ryan Hollweg.
2:12 of 3rd period - Minor Penalty to Rene Bourque for Roughing.
2:13 of 3rd period - Derick Brassard wins face-off versus Vincent Lecavalier in Devils zone.
2:15 of 3rd period - Wrist shot by Derick Brassard.
2:15 of 3rd period - Shot Misses the Net.
3:29 of 3rd period - Ian White is hit by Vincent Lecavalier and loses puck.
4:12 of 3rd period - Penalty to Rene Bourque is over, Rene Bourque is back on ice.
4:15 of 3rd period - Joni Pitkanen is hit by Alexandre Burrows and loses puck.
4:36 of 3rd period - Icing by Joni Pitkanen.
4:37 of 3rd period - Peter Regin wins face-off versus Brad Richardson in Blackhawks zone.
5:02 of 3rd period - Wrist shot by Matt Duchene.
5:02 of 3rd period - Shot Misses the Net.
5:28 of 3rd period - Minor Penalty to Oleg Saprykin for Holding.
5:29 of 3rd period - Vincent Lecavalier wins face-off versus Peter Regin in Blackhawks zone.
5:42 of 3rd period - Wrist shot by Brent Seabrook.
5:42 of 3rd period - Deflect By Rene Bourque.
5:42 of 3rd period - Stopped by Jimmy Howard with a rebound.
5:44 of 3rd period - Slapshot by Brent Seabrook.
5:44 of 3rd period - Deflect By Peter Regin.
5:44 of 3rd period - Stopped by Jimmy Howard with a rebound.
7:28 of 3rd period - Penalty to Oleg Saprykin is over, Oleg Saprykin is back on ice.
7:39 of 3rd period - Alexandre Burrows is hit by Antoine Roussel and loses puck.
7:46 of 3rd period - Slapshot by Karl Alzner.
7:46 of 3rd period - Stopped by Jimmy Howard without a rebound.
7:47 of 3rd period - Steve Ott wins face-off versus Kyle Brodziak in Blackhawks zone.
7:48 of 3rd period - Wrist shot by Rene Bourque.
7:48 of 3rd period - Stopped by Jimmy Howard without a rebound.
7:49 of 3rd period - Kyle Brodziak wins face-off versus Steve Ott in Blackhawks zone.
7:51 of 3rd period - Icing by Dave Tanabe.
7:52 of 3rd period - Steve Ott wins face-off versus Kyle Brodziak in Blackhawks zone.
7:53 of 3rd period - Wrist shot by Chris Mcallister.
7:53 of 3rd period - Shot Blocked by Carson Mcmillan.
7:55 of 3rd period - Slapshot by Jay McKee.
7:55 of 3rd period - Stopped by Jimmy Howard without a rebound.
7:56 of 3rd period - Kyle Brodziak wins face-off versus Steve Ott in Blackhawks zone.
8:35 of 3rd period - Snap shot by Dave Tanabe.
8:35 of 3rd period - Deflect By Oleg Saprykin.
8:35 of 3rd period - Stopped by James Reimer without a rebound.
8:36 of 3rd period - Matt Duchene wins face-off versus Derick Brassard in Devils zone.
8:45 of 3rd period - Wrist shot by Ilya Kovalchuk.
8:45 of 3rd period - Shot Misses the Net.
9:44 of 3rd period - Vladimir Tarasenko is hit by Joni Pitkanen and loses puck.
10:03 of 3rd period - Snap shot by Brad Richardson.
10:03 of 3rd period - Stopped by Jimmy Howard with a rebound.
10:05 of 3rd period - Snap shot by Alexandre Burrows.
10:05 of 3rd period - Deflect By Tyler Arnason.
10:05 of 3rd period - Shot Misses the Net.
10:05 of 3rd period - Puck is out of play.
10:06 of 3rd period - Derick Brassard wins face-off versus Tyler Arnason in Blackhawks zone.
10:33 of 3rd period - Denis Grebeshkov is hit by Ilya Kovalchuk and loses puck.
11:01 of 3rd period - Slapshot by Rene Bourque.
11:01 of 3rd period - Stopped by Jimmy Howard with a rebound.
11:45 of 3rd period - Snap shot by Brad Richardson.
11:45 of 3rd period - Shot Blocked by Brendan Bell.
11:47 of 3rd period - Slapshot by Adam Pardy.
11:47 of 3rd period - Stopped by Jimmy Howard with a rebound.
11:49 of 3rd period - Slapshot by Jay McKee.
11:49 of 3rd period - Shot Hit the Post.
11:51 of 3rd period - Slapshot by Tyler Arnason.
11:51 of 3rd period - Shot Blocked by Brendan Bell.
12:12 of 3rd period - Icing by Jay McKee.
12:13 of 3rd period - Vincent Lecavalier wins face-off versus Jonathan Toews in Devils zone.
12:30 of 3rd period - Wrist shot by Ilya Kovalchuk.
12:30 of 3rd period - Shot Blocked by Peter Regin.
12:32 of 3rd period - Snap shot by Ilya Kovalchuk.
12:32 of 3rd period - Stopped by Jimmy Howard with a rebound.
12:34 of 3rd period - Wrist shot by Ilya Kovalchuk.
12:34 of 3rd period - Shot Blocked by Peter Regin.
12:36 of 3rd period - Slapshot by Chris Phillips.
12:36 of 3rd period - Shot Misses the Net.
12:50 of 3rd period - Snap shot by Joni Pitkanen.
12:50 of 3rd period - Stopped by James Reimer without a rebound.
12:51 of 3rd period - Tyler Arnason wins face-off versus Derick Brassard in Devils zone.
13:00 of 3rd period - Slapshot by Derick Brassard.
13:00 of 3rd period - Stopped by James Reimer with a rebound.
13:02 of 3rd period - Slapshot by Kurt Sauer.
13:02 of 3rd period - Shot Misses the Net.
13:04 of 3rd period - Snap shot by Antoine Roussel.
13:04 of 3rd period - Shot Blocked by Karl Alzner.
13:06 of 3rd period - Slapshot by Kurt Sauer.
13:06 of 3rd period - Goal by Kurt Sauer - Devils : 5 - Blackhawks : 3.
13:07 of 3rd period - Derick Brassard wins face-off versus Vladimir Tarasenko in neutral zone.
13:55 of 3rd period - Wrist shot by Peter Regin.
13:55 of 3rd period - Deflect By Patrick Kaleta.
13:55 of 3rd period - Shot Misses the Net.
13:55 of 3rd period - Puck is out of play.
13:56 of 3rd period - Tyler Arnason wins face-off versus Peter Regin in Devils zone.
13:56 of 3rd period - Tyler Arnason is hit by Tomas Fleischmann.
14:21 of 3rd period - Snap shot by Patrick Kaleta.
14:21 of 3rd period - Goal by Patrick Kaleta - Devils : 5 - Blackhawks : 4.
14:22 of 3rd period - Matt Duchene wins face-off versus Derick Brassard in neutral zone.
14:36 of 3rd period - Vladimir Tarasenko is hit by Jason Pominville and loses puck.
15:11 of 3rd period - Tomas Fleischmann is hit by Brad Richardson and loses puck.
16:12 of 3rd period - Wrist shot by Ilya Kovalchuk.
16:12 of 3rd period - Stopped by Jimmy Howard without a rebound.
16:13 of 3rd period - Jonathan Toews wins face-off versus Vladimir Tarasenko in Blackhawks zone.
17:10 of 3rd period - Matt Duchene is hit by Antoine Roussel and loses puck.
17:25 of 3rd period - Tyler Arnason is hit by Kyle Brodziak and loses puck.
18:12 of 3rd period - Snap shot by Tomas Fleischmann.
18:12 of 3rd period - Stopped by James Reimer with a rebound.
18:14 of 3rd period - Snap shot by Patrick Kaleta.
18:14 of 3rd period - Shot Misses the Net.
18:41 of 3rd period - Snap shot by Jonathan Toews.
18:41 of 3rd period - Shot Blocked by Ted Purcell.
19:03 of 3rd period - Blackhawks, Jimmy Howard is pulled from the net.
19:13 of 3rd period - Slapshot by Derick Brassard.
19:13 of 3rd period - Stopped by James Reimer with a rebound.
19:15 of 3rd period - Backhand shot by Patrick Kane.
19:15 of 3rd period - Shot Misses the Net.
19:17 of 3rd period - Snap shot by Derick Brassard.
19:17 of 3rd period - Stopped by James Reimer with a rebound.
19:19 of 3rd period - Wrist shot by Patrick Kane.
19:19 of 3rd period - Shot Misses the Net.
19:21 of 3rd period - Wrist shot by Derick Brassard.
19:21 of 3rd period - Stopped by James Reimer without a rebound.
19:22 of 3rd period - Bruce Boudreau call a timeout for Blackhawks.
19:22 of 3rd period - Derick Brassard wins face-off versus Chris Mcallister in Devils zone.
19:40 of 3rd period - Minor Penalty to Antoine Roussel for Tripping.
19:41 of 3rd period - Jimmy Howard from Blackhawks was sent back in the game.
19:41 of 3rd period - Vincent Lecavalier wins face-off versus Peter Regin in Blackhawks zone.
19:53 of 3rd period - Snap shot by Vincent Lecavalier.
19:53 of 3rd period - Stopped by Jimmy Howard without a rebound.
19:54 of 3rd period - Vincent Lecavalier wins face-off versus Peter Regin in Blackhawks zone.
19:57 of 3rd period - Snap shot by Vincent Lecavalier.
19:57 of 3rd period - Deflect By Peter Regin.
19:57 of 3rd period - Shot Misses the Net.
19:57 of 3rd period - Puck is out of play.
19:58 of 3rd period - Peter Regin wins face-off versus Vincent Lecavalier in Blackhawks zone.
Goals for this period are 1 for Devils vs 2 for Blackhawks.
Shots for this period are 12 for Devils vs 9 for Blackhawks.
Back to the Top